 Dungeon Crawl Stone Soup version 0.23-a0-449-g8e4cbf7 (webtiles) character file.

162 Ijustatesigmund the Magician (level 5, -3/37 HPs)
             Began as a Gnoll Wizard on Nov 21, 2018.
             Was an Initiate of Cheibriados.
             Slain by an orc priest (4 damage)
             ... on level 4 of the Dungeon.
             The game lasted 00:07:28 (3148 turns).

Ijustatesigmund the Magician (Gnoll Wizard)         Turns: 3148, Time: 00:07:30

Health: -3/37      AC:  5    Str: 11    XL:     5   Next: 43%
Magic:  5/14       EV: 14    Int: 22    God:    Cheibriados [......]
Gold:   160        SH:  0    Dex: 14    Spells: 9/18 levels left

rFire    . . .     SeeInvis .   e - +3 flail
rCold    . . .     Gourm    .   (no shield)
rNeg     . . .     Faith    .   a - +0 leather armour
rPois    .         Spirit   .   c - +0 helmet
rElec    .         Reflect  .   f - +0 cloak
rCorr    .         Harm     .   (no gloves)
MR       .....                  (no boots)
Stlth    ++........             (no amulet)
HPRegen  0.12/turn              (no ring)
MPRegen  0.14/turn              (no ring)

@: very slightly contaminated, very slow
A: distributed training, fangs 1, strong nose
a: Bend Time, Renounce Religion


You were on level 4 of the Dungeon.
You worshipped Cheibriados.
Cheibriados was noncommittal.
You were hungry.

You visited 2 branches of the dungeon, and saw 5 of its levels.

You collected 160 gold pieces.

Inventory:

Hand Weapons
 e - a +3 flail (weapon)
Armour
 a - a +0 leather armour (worn)
 b - a +0 hat
 c - a +0 helmet (worn)
 f - a +0 cloak (worn)
Magical Staves
 m - an uncursed staff of air
Scrolls
 k - a scroll of identify
 o - 2 scrolls of immolation
Potions
 g - a potion of might
 i - 2 potions of flight
Comestibles
 d - 6 rations


   Skills:
 + Level 1.4 Fighting
 + Level 1.4 Short Blades
 + Level 1.4 Long Blades
 + Level 1.4 Axes
 + Level 1.4 Maces & Flails
 + Level 1.4 Polearms
 + Level 1.4 Staves
 + Level 1.4 Slings
 + Level 1.4 Bows
 + Level 1.4 Crossbows
 + Level 1.4 Throwing
 + Level 1.4 Armour
 + Level 4.8 Dodging
 + Level 4.4 Stealth
 + Level 1.4 Shields
 + Level 1.4 Unarmed Combat
 + Level 7.3 Spellcasting
 + Level 2.4 Conjurations
 + Level 1.1 Hexes
 + Level 1.1 Charms
 + Level 2.4 Summonings
 + Level 1.1 Necromancy
 + Level 2.4 Translocations
 + Level 1.1 Transmutations
 + Level 1.1 Fire Magic
 + Level 1.1 Ice Magic
 + Level 1.1 Air Magic
 + Level 1.1 Earth Magic
 + Level 1.1 Poison Magic
 + Level 1.6 Invocations
 + Level 1.4 Evocations


You had 9 spell levels left.
You knew the following spells:

 Your Spells              Type           Power        Failure   Level  Hunger
a - Magic Dart            Conj           ###.         4%          1    None
b - Blink                 Tloc           N/A          6%          2    None
c - Mephitic Cloud        Conj/Pois/Air  ###.....     16%         3    None
d - Conjure Flame         Conj/Fire      ###.....     16%         3    None

Your spell library contained the following spells:

 Spells                   Type           Power        Failure   Level  Hunger
 Call Imp                 Summ           ###.....     6%          2    None
 Slow                     Hex            ##......     10%         2    None


Dungeon Overview and Level Annotations

Branches:
Dungeon (4/15)             Temple (1/1) D:4

Altars:
Ashenzari
Cheibriados
Dithmenos
Elyvilon
Fedhas
Gozag
Hepliaklqana
Kikubaaqudgha
Makhleb
Okawaru
Qazlal
Sif Muna
Trog
Uskayaw
Vehumet
Wu Jian
Xom
Yredelemnul
Zin
The Shining One


Innate Abilities, Weirdness & Mutations

Your experience applies equally to all skills.
You have very sharp teeth.
Your uncanny sense of smell can sniff out nearby items.


Message History

You hit the orc priest.
The orc priest is heavily wounded.
The orc priest misses you.
You completely miss the orc priest.
The orc priest is heavily wounded.
The orc priest calls down the wrath of Beogh upon you.
Pain shoots through your body!
You are too injured to fight recklessly!
You are too injured to fight recklessly!
You are too injured to fight recklessly!
You hit the orc priest but do no damage.
The orc priest is heavily wounded.
The orc priest closely misses you.
The orc priest invokes the aid of Beogh against you.
Beogh smites you!
* * * LOW HITPOINT WARNING * * *
You hit the orc priest.
The orc priest is heavily wounded.
The orc priest hits you.
You die...

∆ #. ..#.# #..#.# #..#.#
### ########..#.# ...
#.........#.# ..
####..#....#.#.###.####.
......#.⌠8.#....@o.)...#
####.......###.########.
......>.⌠8.....########.#
........................#
.###....⌠8..#############
. ###......# ######<# #.#
#.#


You could see an orc priest.

Vanquished Creatures
  An orc priest (D:2)
  An orc wizard (D:4)
  2 adders
  3 gnolls (D:3)
  2 leopard geckos
  5 orcs
  6 bats
  3 giant cockroaches
  8 goblins
  7 hobgoblins
  4 jackals (D:3)
  2 quokkas
  A ball python (D:3)
  A frilled lizard (D:1)
  2 kobolds
  4 rats
52 creatures vanquished.

Notes
Turn   | Place    | Note
-------+----------+-------------------------------------------
     0 | D:1      | Ijustatesigmund the Gnoll Wizard began the quest for the
                  | Orb.
     0 | D:1      | Reached XP level 1. HP: 13/13 MP: 8/8
   220 | D:1      | Reached XP level 2. HP: 19/19 MP: 8/10
   224 | D:1      | Learned a level 2 spell: Blink
  1063 | D:2      | Reached XP level 3. HP: 23/25 MP: 2/11
  1068 | D:2      | Learned a level 3 spell: Mephitic Cloud
  1072 | D:2      | Learned a level 3 spell: Conjure Flame
  1355 | D:2      | Reached skill level 1 in Invocations
  1388 | D:2      | Reached skill level 1 in Fighting
  1388 | D:2      | Reached skill level 1 in Short Blades
  1388 | D:2      | Reached skill level 1 in Long Blades
  1388 | D:2      | Reached skill level 1 in Axes
  1388 | D:2      | Reached skill level 1 in Maces & Flails
  1388 | D:2      | Reached skill level 1 in Polearms
  1388 | D:2      | Reached skill level 1 in Staves
  1388 | D:2      | Reached skill level 1 in Slings
  1388 | D:2      | Reached skill level 1 in Bows
  1388 | D:2      | Reached skill level 1 in Crossbows
  1388 | D:2      | Reached skill level 1 in Throwing
  1388 | D:2      | Reached skill level 1 in Armour
  1388 | D:2      | Reached skill level 1 in Shields
  1388 | D:2      | Reached skill level 1 in Unarmed Combat
  1388 | D:2      | Reached skill level 1 in Evocations
  1388 | D:2      | Reached XP level 4. HP: 32/32 MP: 2/13
  1916 | D:3      | Reached skill level 1 in Hexes
  1916 | D:3      | Reached skill level 1 in Charms
  1916 | D:3      | Reached skill level 1 in Necromancy
  1916 | D:3      | Reached skill level 1 in Transmutations
  1916 | D:3      | Reached skill level 1 in Fire Magic
  1916 | D:3      | Reached skill level 1 in Ice Magic
  1916 | D:3      | Reached skill level 1 in Air Magic
  1916 | D:3      | Reached skill level 1 in Earth Magic
  1916 | D:3      | Reached skill level 1 in Poison Magic
  2141 | D:3      | Found a faded altar of an unknown god.
  2279 | D:3      | Reached XP level 5. HP: 37/37 MP: 8/14
  2798 | D:4      | Found a staircase to the Ecumenical Temple.
  2919 | Temple   | Entered the Ecumenical Temple
  2953 | Temple   | Became a worshipper of Cheibriados the Contemplative
  3147 | D:4      | HP: 1/37 [orc priest/divine providence (13)]
  3148 | D:4      | Slain by an orc priest

Vault maps used:
D:1:      shiori_arrival_oz, serial_bayou_lagoon_a
D:2:      first_ration
D:3:      chequers_ecumenical_altar_simple_redux, minmay_misc_feat_ornament
D:4:      nicolae_overflow_crystal_walls, minmay_temple_entry_drinking_statues,
          ebering_ghost_sewer_d
Temple:   regret_index_temple_chain_breaker

Skill      XL: |  1  2  3  4 |
---------------+-------------+-----
Conjurations   | 2 |  2.4
Summonings     | 2 |  2.4
Translocations | 2 |  2.4
Invocations    | 1 |  1.6
Fighting       | 1 |  1.4
Short Blades   | 1 |  1.4
Long Blades    | 1 |  1.4
Axes           | 1 |  1.4
Maces & Flails | 1 |  1.4
Polearms       | 1 |  1.4
Staves         | 1 |  1.4
Slings         | 1 |  1.4
Bows           | 1 |  1.4
Crossbows      | 1 |  1.4
Throwing       | 1 |  1.4
Armour         | 1 |  1.4
Shields        | 1 |  1.4
Unarmed Combat | 1 |  1.4
Evocations     | 1 |  1.4
Hexes          | 1 |  1.1
Charms         | 1 |  1.1
Necromancy     | 1 |  1.1
Transmutations | 1 |  1.1
Fire Magic     | 1 |  1.1
Ice Magic      | 1 |  1.1
Air Magic      | 1 |  1.1
Earth Magic    | 1 |  1.1
Poison Magic   | 1 |  1.1
Dodging        | |  4.8
Stealth        | |  4.4
Spellcasting   | |  7.3

Action                   |  1- 3 |  4- 6 || total
-------------------------+-------+-------++-------
Melee: Hand axe          |     1 |       ||     1
       Staff             |       |    30 ||    30
       Flail             |       |     7 ||     7
       Bite              |       |     3 ||     3
 Cast: Magic Dart        |    54 |    47 ||   101
       Mephitic Cloud    |       |     1 ||     1
Evoke: Wand              |       |     1 ||     1
  Use: Scroll            |     3 |     9 ||    12
 Stab: Sleeping          |     1 |       ||     1
  Eat: Chunk             |     1 |     5 ||     6
Armor: Leather armour    |       |    26 ||    26
Dodge: Dodged            |     2 |    55 ||    57

Table legend:
 A = Non-vault XP
 B = Vault XP
 C = Vault XP percentage of total XP
 D = Non-vault monster count
 E = Vault monster count
 F = Vault count percentage of total count
                 A         B        C        D         E       F
            +---------+---------+-------+---------+---------+-------
      Total |     228 |       4 |   1.7 |      50 |       2 |   3.8
            +---------+---------+-------+---------+---------+-------
        D:1 |      19 |       4 |  17.4 |      10 |       2 |  16.7
        D:2 |      84 |       0 |   0.0 |      19 |       0 |   0.0
        D:3 |      77 |       0 |   0.0 |      17 |       0 |   0.0
        D:4 |      48 |       0 |   0.0 |       4 |       0 |   0.0
            +---------+---------+-------+---------+---------+-------
